 Dungeon Crawl Stone Soup version 0.31-a0-1591-g515db51633 (webtiles) character file.

Game seed: 1491924389373143062

277 monsoonserge the Caller (level 6, 0/46 HPs)
             Began as a Barachi Summoner on Jan 6, 2024.
             Slain by Edmund
             ... wielding a +4 flail of protection
              (6 damage)
             ... on level 4 of the Dungeon.
             The game lasted 00:09:29 (3355 turns).

monsoonserge the Caller (Barachi Summoner)          Turns: 3355, Time: 00:09:30

Health: 0/46       AC:  4    Str: 10    XL:     6   Next: 25%
Magic:  8/10       EV: 12    Int: 17    God:
Gold:   228        SH:  0    Dex: 12    Spells: 7/11 levels left

rFire   . . .        k - +3 quarterstaff (chaos)
rCold   . . .        (shield currently unavailable)
rNeg    + . .        g - +2 robe {rN+}
rPois   .            (no helmet)
rElec   .            (no cloak)
rCorr   .            (no gloves)
SInv    .            (no boots)
Will    .....        (no amulet)
Stlth   ++           (no ring)
HPRegen 0.27/turn    (no ring)
MPRegen 0.12/turn

%: no passive effects
@: inugami summoned, slow
A: amphibious, slowness 1, strong legs 1, +LOS
a: Hop


You were on level 4 of the Dungeon.
You visited 1 branch of the dungeon, and saw 4 of its levels.

You collected 228 gold pieces.

Inventory:

Hand Weapons
 h - a +0 long sword
 k - a +3 quarterstaff of chaos (weapon)
 m - a +0 hammer of protection
 p - a +0 dagger of draining
Missiles
 t - 4 atropa-tipped darts
 v - 2 poisoned darts
Armour
 g - a +2 robe of positive energy (worn)
 l - a +0 cloak
Magical Staves
 u - a staff of earth
Jewellery
 q - an amulet of faith
Scrolls
 d - a scroll of silence {unknown}
 e - a scroll of fear {unknown}
 f - 4 scrolls of identify {unknown}
 n - a scroll of amnesia {unknown}
 o - a scroll of immolation {unknown}
 r - a scroll of enchant weapon {unknown}
Potions
 a - 3 potions of lignification {unknown}
 b - a potion of magic
 c - a potion of heal wounds
 i - 2 potions of curing {unknown}
 j - a potion of attraction {unknown}
 s - a potion of enlightenment {unknown}


   Skills:
 + Level 2.4 Fighting
 - Level 2.6 Long Blades
 - Level 0.2 Axes
 + Level 1.4 Staves
 + Level 3.2 Dodging
 - Level 2.0 Stealth
 - Level 3.0 Spellcasting
 + Level 6.0 Summonings
 * Level 1.5 Fire Magic


You had 7 spell levels left.
You knew the following spells:

 Your Spells              Type           Power      Damage    Failure   Level
a - Summon Small Mammal   Summ           92%        N/A       1%          1
b - Call Canine Familiar  Summ           23%        N/A       4%          3

Your spell library contained the following spells:

 Spells                   Type           Power      Damage    Failure   Level
 Call Imp                 Summ           46%        N/A       2%          2
 Ensorcelled Hibernation  Hex/Ice        4%         N/A       26%         2
 Inner Flame              Hex/Fire       5%         N/A       36%         3
 Summon Blazeheart Golem  Fire/Summ      15%        N/A       36%         4
 Passwall                 Erth           2%         N/A       45%         3
 Swiftness                Air            2%         N/A       45%         3
 Summon Lightning Spire   Summ/Air       12%        N/A       45%         4
 Irradiate                Conj/Alch      1%         3d12      99%         5
 Ignition                 Fire           3%         3d4       100%        8


Dungeon Overview and Level Annotations

Branches:
Dungeon (4/15)
 Temple: D:4-7

Altars:
Zin

Annotations:
D:4 Edmund


Innate Abilities, Weirdness & Mutations

You are amphibious.
You cover ground slowly.
You can hop short distances.
You have an extended range of vision and can be seen from far away.


Message History

Casting: Call Canine Familiar (dangerous; 4% risk of failure)
Confirm with . or Enter, or press ? or * to list all spells.
You call for your canine familiar and it appears with a howl!
The ball python closely misses you. The ball python barely misses you.
You closely miss the ball python. The ball python closely misses you. x2
Edmund gestures with his flail.
Edmund hits you with a +4 flail of protection!
Unknown command.
You sock the ball python! You freeze the ball python.
You kill the ball python!
Edmund says, "I might not be good at magic, but I can still kill you!"
Edmund hits you with a +4 flail of protection!
Your inugami hits Edmund.
Unknown command.
You sock Edmund! Lightning courses through Edmund!
Edmund is heavily wounded.
Edmund hits you with a +4 flail of protection.
Your inugami closely misses Edmund.
Unknown command.
You hit Edmund.
Edmund is heavily wounded.
Edmund hits you with a +4 flail of protection!
Your inugami hits Edmund but does no damage.
Unknown command.
You hit Edmund but do no damage.
Edmund becomes as fragile as glass!
Edmund is heavily wounded.
Edmund hits you with a +4 flail of protection!
* * * LOW HITPOINT WARNING * * *
Your inugami hits Edmund. Edmund barely misses your inugami.
Your inugami hits Edmund.
Unknown command.
You hit Edmund. You burn Edmund.
Edmund is almost dead.
Edmund barely misses you.
Your inugami hits Edmund but does no damage.
You closely miss Edmund.
Edmund is almost dead.
Edmund hits you with a +4 flail of protection.
You die...
Edmund whines, "They better pay attention to me now!"

#............# #..#
###..........###..#
#...............)
#.####...........
#######'####...........
#......................
#..............<.......
#.....h....[...........
#....@@.....###+#......
#...........# #......
#...........# #......
#...........# #......
#.$.........# #......
#...........#
#######....... ####..##
.#.


You could see Edmund (ally target, vitrified) and a friendly inugami (summoned).

Vanquished Creatures
  A scorpion (D:4)
  Crazy Yiuf (D:2)
  An orc wizard (D:2)
  Robin (D:2)
  4 gnolls (D:3)
  A ribbon worm (D:3)
  3 dart slugs
  6 orcs
  6 ball pythons
  5 endoplasms
  7 goblins
  2 hobgoblins (D:1)
  2 quokkas (D:3)
  2 bats (D:1)
  A frilled lizard (D:1)
  3 kobolds
  2 rats
48 creatures vanquished.

Vanquished Creatures (collateral kills)
  An orc wizard (D:2)
  2 ribbon worms (D:2)
  7 orcs (D:2)
  An endoplasm (D:3)
  8 goblins
  2 hobgoblins (D:2)
  3 quokkas (D:1)
  A ball python (D:3)
  A bat (D:2)
  A frilled lizard (D:2)
  A rat (D:1)
28 creatures vanquished.

Grand Total: 76 creatures vanquished

Notes
Turn   | Place    | Note
-------+----------+-------------------------------------------
     0 | D:1      | monsoonserge the Barachi Summoner began the quest for the
                  | Orb.
     0 | D:1      | Reached XP level 1. HP: 13/13 MP: 3/3
    40 | D:1      | Reached skill level 5 in Summonings
   170 | D:1      | Reached XP level 2. HP: 19/19 MP: 1/5
   437 | D:1      | Found a faded altar of an unknown god.
   830 | D:2      | Found a glowing silver altar of Zin.
   936 | D:2      | Reached XP level 3. HP: 10/25 MP: 3/6
   946 | D:2      | Learned a level 3 spell: Call Canine Familiar
  1089 | D:2      | Reached skill level 1 in Fighting
  1089 | D:2      | Reached skill level 1 in Long Blades
  1099 | D:2      | Reached XP level 4. HP: 11/32 MP: 5/8
  1443 | D:2      | Noticed Robin
  1487 | D:2      | Killed Robin
  1558 | D:2      | Reached XP level 5. HP: 10/38 MP: 2/9
  1860 | D:2      | Found a runed translucent door.
  1861 | D:2      | Noticed Crazy Yiuf
  1885 | D:2      | Killed Crazy Yiuf
  2686 | D:3      | Reached skill level 1 in Fire Magic
  2966 | D:4      | Reached skill level 1 in Staves
  2966 | D:4      | Reached skill level 6 in Summonings
  2966 | D:4      | Reached XP level 6. HP: 41/44 MP: 10/10
  3344 | D:4      | Noticed Edmund
  3355 | D:4      | Slain by Edmund

Illustrated notes

Levels and vault maps discovered:
D:1:      amcnicky_arrival_feature_with_door, layout_loops_ring,
          shapermc_ecumenical_altar_acropolis
D:2:      layout_basic, basic_altar, skrybe_limestone_x, uniq_robin,
          uniq_crazy_yiuf_cottage
D:3:      layout_loops_ring, serial_aquarium, aquarium_bridge_island_small
          [aquarium_subvault_small_water, aquarium_subvault_bridge,
          aquarium_subvault_bridge, aquarium_subvault_balcony,
          aquarium_subvault_bridge], aquarium_window_1, aquarium_window_2,
          aquarium_view_2c, aquarium_pool_corner
D:4:      layout_basic, nicolae_wu_jian_wuxing_cycle,
          minmay_temple_entry_nine_rooms, uniq_edmund, uniq_menkaure,
          uniq_natasha

Skill      XL: |  1  2  3  4  5 |
---------------+----------------+-----
Summonings     | 5 6 |  6.0
Stealth        | 2 |  2.0
Fighting       | 1 2 |  2.4
Long Blades    | 1 2 |  2.6
Spellcasting   | 3 |  3.0
Dodging        | 3 |  3.2
Fire Magic     | 1 |  1.5
Staves         | 1 |  1.4
Axes           | |  0.2

Action                     |  1- 3 |  4- 6 || total
---------------------------+-------+-------++-------
  Melee: Hand axe          |    24 |       ||    24
         Unarmed           |     7 |       ||     7
         Club              |     2 |       ||     2
         Punch             |     1 |       ||     1
         Long sword        |    36 |    42 ||    78
         Short sword       |     4 |       ||     4
         Quarterstaff      |       |    57 ||    57
   Cast: Summon Small Mamm |    17 |    11 ||    28
         Call Canine Famil |     2 |     8 ||    10
    Use: Potion            |       |     1 ||     1
   Stab: Sleeping          |     2 |       ||     2
         Distracted        |     1 |     3 ||     4
         Confused          |       |     1 ||     1
 Armour: Robe              |    62 |    65 ||   127
  Dodge: Dodged            |    60 |    61 ||   121

Table legend: (Time is in decaauts)
 A = Elapsed time spent in this place.
 B = Non-inter-level travel time spent in this place.
 C = Inter-level travel time spent in this place.
 D = Time resting spent in this place.
 E = Time spent auto-exploring this place.
 F = Levels seen in this place.
 G = Mean time per level.
                   A        B        C        D        E       F      G
               +--------+--------+--------+--------+--------+-----+--------+
         Total |   3874 |   3769 |    105 |    165 |   2358 |   4 |  968.5 |
       Dungeon |   3874 |   3769 |    105 |    165 |   2358 |   4 |  968.5 |
               +--------+--------+--------+--------+--------+-----+--------+

Top non-repeatable levels by time:
     D:2: 1627 daAuts
     D:1: 956 daAuts
     D:3: 795 daAuts
     D:4: 494 daAuts
